[Event "ICC tourney 1900 (45 10)"]
[Site "Internet Chess Club"]
[Date "2020.07.04"]
[Round "4"]
[White "Chessplayer44"]
[Black "hursha6b5"]
[Result "0-1"]
[ICCResult "White checkmated"]
[WhiteElo "1294"]
[BlackElo "1422"]
[Opening "Queen's pawn: stonewall attack"]
[ECO "D00"]
[NIC "QP.08"]
[Time "18:31:02"]
[TimeControl "2700+10"]

1. d4 d5 2. e3 Nf6 3. Bd3 g6 4. Nd2 Bg7 5. f4 O-O 6. Ngf3 Bg4 7. h3 Bxf3 8.
Qxf3 Nbd7 9. O-O c5 10. c3 Rc8 11. g4 e6 12. Qg2 a6 13. Nf3 b5 14. Bd2 Nb6
15. Ne5 Nc4 16. Nxc4 bxc4 17. Bc2 Qb6 18. b3 cxd4 19. exd4 Rc6 20. b4 Nd7
21. Kh1 Rc7 22. a4 Nb8 23. Rfb1 Nc6 24. b5 Na5 25. Bc1 Rb7 26. Ba3 Rfb8 27.
Bc5 Qc7 28. bxa6 Rxb1+ 29. Rxb1 Rxb1+ 30. Bxb1 Nb3 31. a7 Qb7 32. Bb6 Bf8
33. Ba2 Qa6 34. Bxb3 cxb3 35. a5 Ba3 36. f5 b2 37. Qg1 Kg7 38. fxe6 Qd3 39.
Kg2 Qe2+ 40. Qf2 Qxf2+ 41. Kxf2 b1=Q 42. a8=Q Qc2+ 43. Kf1 Qd1+ 44. Kf2 Qd2+
45. Kf1 Qf4+ 46. Ke1 Qg3+ 47. Ke2 Qg2+ 48. Kd1 Qxh3 49. Qxd5 Qxg4+ 50. Ke1
Qg3+ 51. Kf1 Qh3+ 52. Kf2 Qh2+ 53. Qg2 Qf4+ 54. Ke2 Bc1 55. Kd3 Qf5+ 56. Qe4
Qb5+ 57. c4 Qb1+ 58. Kc3 Qxe4 59. a6 Qxe6 60. a7 Bb2+ 61. Kd3 Qc6 62. c5 h5
63. Kc4 h4 64. d5 Qa4+ 65. Kd3 h3 66. c6 h2 67. c7 Qa6+ 68. Kc2 Be5 69. a8=Q
Qxa8 70. d6 h1=Q 71. d7 Qac6+ 72. Kd3 Qhf3+ 73. Be3 Qc3# {White checkmated}
0-1

[Event "ICC tourney 1900 (45 10)"]
[Site "Internet Chess Club"]
[Date "2020.07.04"]
[Round "4"]
[White "prnavneet"]
[Black "chessKingT"]
[Result "0-1"]
[ICCResult "White checkmated"]
[WhiteElo "1446"]
[BlackElo "1427"]
[Opening "R?ti: Nimzovich-Larsen attack"]
[ECO "A06"]
[NIC "QP.09"]
[Time "18:30:35"]
[TimeControl "2700+10"]

1. Nf3 d5 2. b3 Bf5 3. Bb2 e6 4. g3 Nf6 5. Bg2 Bc5 6. O-O h6 7. c4 c6 8. d3
O-O 9. Nbd2 Nbd7 10. a3 a5 11. Qc2 Qb6 12. e3 Ng4 13. Nd4 Bh7 14. h3 Nge5
15. Rfd1 Nxd3 16. Qc3 N7e5 17. f4 Nxb2 18. Qxb2 Nxc4 19. Nxc4 dxc4 20. e4
Rfd8 21. Kh2 Bxd4 22. Qe2 Bxa1 23. Rxa1 Qxb3 24. Rc1 b5 25. Qe1 Qxa3 26. Ra1
Qb4 27. Qf1 c3 28. Rc1 Bxe4 29. Bxe4 Qxe4 30. Re1 Rd2+ 31. Kg1 Rg2+ 32. Qxg2
Qxe1+ 33. Kh2 Qd2 34. Qxd2 cxd2 35. Kg2 d1=Q 36. Kf2 Rd8 37. Ke3 Qd3+ 38.
Kf2 Qe4 39. g4 Qxf4+ 40. Kg2 Rd2+ 41. Kg1 Qh2+ 42. Kf1 Qf2# {White
checkmated} 0-1

[Event "ICC tourney 1900 (45 10)"]
[Site "Internet Chess Club"]
[Date "2020.07.04"]
[Round "4"]
[White "gardemarin13"]
[Black "Otelo"]
[Result "1-0"]
[ICCResult "Black resigns"]
[WhiteElo "1557"]
[BlackElo "1626"]
[Opening "Sicilian: Grand Prix attack"]
[ECO "B23"]
[NIC "SI.44"]
[Time "18:31:29"]
[TimeControl "2700+10"]

1. e4 c5 2. Nc3 Nc6 3. f4 e6 4. Nf3 g6 5. Bb5 Nd4 6. d3 Nxb5 7. Nxb5 a6 8.
Nc3 Bg7 9. O-O Ne7 10. Qe1 O-O 11. Qg3 f5 12. e5 d5 13. d4 cxd4 14. Nxd4 Nc6
15. Be3 Nxd4 16. Bxd4 b5 17. b4 Rf7 18. a4 Bd7 19. a5 Bf8 20. Na2 Qc8 21. c3
Qc4 22. Qf3 Be7 23. Qe3 Rg7 24. g3 g5 25. Kh1 gxf4 26. gxf4 Kh8 27. Qf2 Rag8
28. Rg1 Qd3 29. Rxg7 Rxg7 30. Rg1 Qe4+ 31. Rg2 Bh4 32. Qc2 Qxf4 33. Rxg7
Kxg7 34. Qg2+ Qg5 35. Qxg5+ Bxg5 36. Kg2 Be8 37. Kf3 Bh5+ 38. Kf2 Bd1 39.
Be3 Bh4+ 40. Kf1 Kg6 41. Nc1 Kh5 42. Nd3 Bg5 43. Bxg5 Kxg5 44. Nc5 Kf4 45.
Nxa6 Ke3 46. Nc7 f4 47. a6 Be2+ 48. Kg1 f3 49. Nxd5+ Kd2 50. Kf2 Bc4 51. Nc7
Bd3 52. Nxe6 Be4 53. Nc5 Ba8 54. e6 {Black resigns} 1-0

[Event "ICC tourney 1900 (45 10)"]
[Site "Internet Chess Club"]
[Date "2020.07.04"]
[Round "4"]
[White "Aniketshukla"]
[Black "saisneha"]
[Result "0-1"]
[ICCResult "White checkmated"]
[WhiteElo "1513"]
[BlackElo "1573"]
[Opening "Giuoco Piano"]
[ECO "C54"]
[NIC "IG.02"]
[Time "18:31:21"]
[TimeControl "2700+10"]

1. e4 e5 2. Nf3 Nc6 3. Bc4 Bc5 4. c3 Nf6 5. d3 d6 6. O-O O-O 7. Nbd2 a5 8.
Re1 h6 9. Nf1 Be6 10. Bb5 Qe7 11. a3 Rfd8 12. Qe2 Na7 13. Ba4 b5 14. Bc2 Bb6
15. Ng3 c5 16. Nh4 Nc6 17. Nhf5 Qb7 18. Qf3 Ne8 19. Qg4 Kh7 20. Qh4 f6 21.
Re3 Ne7 22. Rf3 Bxf5 23. Nxf5 Nxf5 24. exf5 d5 25. Rh3 Nd6 26. Qg4 Qf7 27.
Bd2 c4 28. b3 Rac8 29. Rh5 d4 30. bxc4 bxc4 31. Qh3 Qf8 32. Qg4 Qe8 33. cxd4
Bxd4 34. Re1 c3 35. Bc1 Rb8 36. Qh4 Nf7 37. Qg4 Kh8 38. Rh3 Rb7 39. Kf1 Rdb8
40. a4 Qc6 41. Rg3 Nd6 42. Qg6 Qe8 43. Qg4 Qc8 44. Rf3 Qd7 45. Qh5 Qf7 46.
Qh4 Qa2 47. Re2 Rb2 48. Bxh6 Rb1+ 49. Bxb1 Rxb1+ 50. Re1 Rxe1+ 51. Kxe1 Kg8
52. Bxg7 Qd2+ 53. Kf1 Qd1# {White checkmated} 0-1

[Event "ICC tourney 1900 (45 10)"]
[Site "Internet Chess Club"]
[Date "2020.07.04"]
[Round "5"]
[White "Tombstone"]
[Black "karuto2006"]
[Result "1-0"]
[ICCResult "Black checkmated"]
[WhiteElo "1498"]
[BlackElo "1359"]
[Opening "Queen's pawn game"]
[ECO "E06"]
[NIC "QI.01"]
[Time "21:03:14"]
[TimeControl "2700+10"]

1. d4 Nf6 2. c4 e6 3. Nf3 Be7 4. g3 O-O 5. Bg2 d5 6. O-O b6 7. Qc2 Bb7 8.
cxd5 exd5 9. Bf4 c5 10. Nc3 Nc6 11. Rad1 Rc8 12. dxc5 bxc5 13. e4 d4 14. e5
Nd5 15. Nxd5 Qxd5 16. Ng5 Qxg2+ 17. Kxg2 Nb4+ 18. Qe4 Bxe4+ 19. Nxe4 Nd5 20.
Rc1 Rfd8 21. Bg5 Bxg5 22. Nxg5 Re8 23. Ne4 Rxe5 24. Nxc5 Nf4+ 25. gxf4 Rexc5
26. Rxc5 Rxc5 27. Rd1 Rc4 28. b3 Rb4 29. Kf3 f5 30. Rc1 Rb7 31. Rc8+ Kf7 32.
Rd8 Ke7 33. Rxd4 Rb6 34. Ke3 Ra6 35. a4 Rh6 36. Rd5 Rb6 37. Rb5 Re6+ 38. Re5
Rxe5+ 39. fxe5 g5 40. f4 g4 41. b4 h5 42. a5 h4 43. b5 g3 44. hxg3 h3 45.
Kf2 h2 46. Kg2 h1=Q+ 47. Kxh1 Ke6 48. b6 axb6 49. a6 b5 50. a7 b4 51. a8=Q
b3 52. Qb7 b2 53. Qxb2 Kd5 54. Qb3+ Kd4 55. e6 Ke4 56. e7 Kd4 57. e8=Q Kc5
58. Qbb5+ Kd4 59. Qed7+ Kc3 60. Qdd3# {Black checkmated} 1-0

[Event "ICC tourney 1900 (45 10)"]
[Site "Internet Chess Club"]
[Date "2020.07.04"]
[Round "5"]
[White "math54321"]
[Black "NSXchessplayer"]
[Result "1/2-1/2"]
[ICCResult "Game drawn by mutual agreement"]
[WhiteElo "1287"]
[BlackElo "1318"]
[Opening "Ruy Lopez: Cozio defense"]
[ECO "C60"]
[NIC "RL.04"]
[Time "21:03:16"]
[TimeControl "2700+10"]

1. e4 e5 2. Nf3 Nc6 3. Bb5 Nge7 4. d3 g6 5. Bg5 Bg7 6. Nc3 h6 7. Bh4 g5 8.
Bg3 d6 9. h3 Be6 10. Qd2 a6 11. Ba4 Qd7 12. Bb3 f5 13. O-O-O O-O-O 14. Rhe1
fxe4 15. dxe4 Bxb3 16. axb3 Rhf8 17. Qd3 Ng6 18. Nd5 Nce7 19. Nd2 Nxd5 20.
Qxd5 Nf4 21. Bxf4 exf4 22. Nc4 Qf7 23. Rd2 Qxd5 24. exd5 Rde8 25. Rde2 Kd7
26. c3 Rxe2 27. Rxe2 Re8 28. Kd2 {Game drawn by mutual agreement} 1/2-1/2

[Event "ICC tourney 1900 (45 10)"]
[Site "Internet Chess Club"]
[Date "2020.07.04"]
[Round "5"]
[White "Roger436"]
[Black "evg1234567"]
[Result "1-0"]
[ICCResult "Black resigns"]
[WhiteElo "1375"]
[BlackElo "1566"]
[Opening "Sicilian: dragon, Yugoslav attack, 7...O-O"]
[ECO "B76"]
[NIC "SI.17"]
[Time "21:03:23"]
[TimeControl "2700+10"]

1. e4 c5 2. Nf3 d6 3. d4 cxd4 4. Nxd4 Nf6 5. Nc3 g6 6. f3 Bg7 7. Be3 O-O 8.
Qd2 Nc6 9. g4 Bd7 10. h4 Nxd4 11. Bxd4 Qc7 12. h5 Rac8 13. hxg6 fxg6 14. Qh2
e5 15. Be3 Be6 16. Bh3 Rce8 17. O-O-O Qc4 18. Rxd6 b5 19. Bf1 Qc7 20. Nxb5
Qa5 21. Nc3 Qc7 22. Qd2 Bf7 23. Nb5 Qb7 24. g5 Nh5 25. Rd7 Qc6 26. Rc7 Qa6
27. Rxa7 Qe6 28. Bh3 Qc6 29. Bd7 Qc4 30. b3 Ng3 31. bxc4 Nxh1 32. Bxe8 Rxe8
33. Qg2 {Black resigns} 1-0

[Event "ICC tourney 1900 (45 10)"]
[Site "Internet Chess Club"]
[Date "2020.07.04"]
[Round "5"]
[White "devalapallip"]
[Black "HAPPYKING99"]
[Result "0-1"]
[ICCResult "White resigns"]
[WhiteElo "1152"]
[BlackElo "1237"]
[Opening "QGD semi-Slav: Botvinnik system (anti-Meran)"]
[ECO "D44"]
[NIC "SL.07"]
[Time "21:03:02"]
[TimeControl "2700+10"]

1. d4 d5 2. Nf3 Nf6 3. c4 c6 4. Nc3 e6 5. Bg5 dxc4 6. e4 b5 7. e5 h6 8. exf6
hxg5 9. Nxg5 gxf6 10. Nge4 f5 11. Nc5 Nd7 12. Qf3 Nxc5 13. dxc5 Bd7 14. Qe3
Rh4 15. Rd1 b4 16. Ne2 Re4 17. Qc1 Bxc5 18. f3 Re5 19. Qxc4 Qb6 20. Qh4 Rd5
21. Rxd5 cxd5 22. Qh8+ Bf8 23. Qd4 Qc7 24. Qd2 Rc8 25. b3 Bb5 26. Nd4 Qc1+
27. Qxc1 Rxc1+ 28. Kf2 Bxf1 29. Rxf1 Rc3 30. Re1 Bc5 31. h4 Bxd4+ 32. Kg3
Rc2 33. Rd1 Bf2+ 34. Kh3 Rxa2 35. h5 Be3 36. Kg3 f4+ 37. Kh3 Rd2 38. Rc1
Rxg2 39. Kxg2 Bxc1 40. Kh3 Bb2 41. Kg4 d4 42. Kxf4 e5+ 43. Ke4 f5+ 44. Kd3
Kf7 45. h6 Kg6 46. h7 Kxh7 47. f4 e4+ 48. Kd2 e3+ 49. Kd3 Kg6 {White
resigns} 0-1

[Event "ICC tourney 1900 (45 10)"]
[Site "Internet Chess Club"]
[Date "2020.07.04"]
[Round "5"]
[White "StevChess01"]
[Black "Kausy"]
[Result "0-1"]
[ICCResult "White resigns"]
[WhiteElo "1379"]
[BlackElo "1706"]
[Opening "QGD Slav defense"]
[ECO "D10"]
[NIC "SL.01"]
[Time "21:03:57"]
[TimeControl "2700+10"]

1. d4 d5 2. c4 c6 3. Nc3 Nf6 4. Bg5 e6 5. e3 h6 6. Bh4 Be7 7. cxd5 cxd5 8.
Bd3 O-O 9. Nf3 Nc6 10. a3 b6 11. O-O Bb7 12. h3 Qd7 13. Rc1 Rac8 14. Bg3 Bd6
15. Bxd6 Qxd6 16. Nb5 Qb8 17. Nd2 e5 18. Bf5 Rcd8 19. dxe5 Qxe5 20. Bb1 d4
21. Nf3 Qxb5 22. b4 dxe3 23. Qc2 exf2+ 24. Rxf2 Qd5 25. Kh1 g6 26. Qb2 Ne4
27. Rfc2 Ng3+ 28. Kg1 Nd4 29. Nxd4 Qxd4+ 30. Qxd4 Rxd4 31. Kh2 Ne4 32. Rc7
Nd6 33. Rd7 Re8 34. Ba2 Re2 35. Bxf7+ Kf8 36. Rf1 Rxg2+ 37. Kh1 Rg5+ 38.
Rxb7 Nxb7 39. Bd5+ Rf5 40. Rxf5+ gxf5 41. Bxb7 Rd3 {White resigns} 0-1

[Event "ICC tourney 1900 (45 10)"]
[Site "Internet Chess Club"]
[Date "2020.07.04"]
[Round "5"]
[White "whyyoutrysohard"]
[Black "rkanury1"]
[Result "0-1"]
[ICCResult "White resigns"]
[WhiteElo "1323"]
[BlackElo "1216"]
[Opening "Catalan: closed, 7.Qc2"]
[ECO "E08"]
[NIC "CA.04"]
[Time "21:03:57"]
[TimeControl "2700+10"]

1. d4 d5 2. c4 e6 3. Nf3 Nf6 4. g3 Be7 5. Bg2 O-O 6. O-O Nbd7 7. Qc2 Re8 8.
Nbd2 Nf8 9. Rd1 Ng6 10. e4 dxe4 11. Nxe4 c6 12. b3 Bd7 13. Bb2 Qc7 14. Ne5
Rad8 15. Rac1 Qb8 16. f4 b6 17. Nxf6+ Bxf6 18. Nxc6 Bxc6 19. Bxc6 Re7 20. d5
Bxb2 21. Qxb2 Rd6 22. Ba4 Qc7 23. dxe6 Rdxe6 24. Qd2 Nf8 25. Re1 Qc5+ 26.
Kh1 Rd6 27. Qc2 Re3 28. Rxe3 Qxe3 29. Rd1 Qf3+ {White resigns} 0-1

[Event "ICC tourney 1900 (45 10)"]
[Site "Internet Chess Club"]
[Date "2020.07.04"]
[Round "5"]
[White "VincentT2008"]
[Black "saanvichess"]
[Result "0-1"]
[ICCResult "White resigns"]
[WhiteElo "1289"]
[BlackElo "1297"]
[Opening "QGD: semi-Slav, Marshall gambit"]
[ECO "D31"]
[NIC "SL.06"]
[Time "21:03:25"]
[TimeControl "2700+10"]

1. d4 d5 2. c4 e6 3. Nc3 c6 4. e4 dxe4 5. Nxe4 Bb4+ 6. Bd2 Qxd4 7. Bxb4
Qxe4+ 8. Be2 Na6 9. Ba5 Bd7 10. Nf3 Nf6 11. Qd6 Qc2 12. Bc3 Ne4 13. Qd4 Nxc3
14. bxc3 Qg6 15. O-O c5 16. Qd6 Bc6 17. Bd3 Qf6 18. Qg3 Qxc3 19. Ne5 g6 20.
Nxc6 bxc6 21. Be4 Qxg3 22. Bxc6+ Ke7 23. hxg3 Rab8 24. Rab1 Nb4 25. Bb5 a6
26. Ba4 Nxa2 27. Ra1 Nb4 28. Bc6 Nxc6 {White resigns} 0-1

[Event "ICC tourney 1900 (45 10)"]
[Site "Internet Chess Club"]
[Date "2020.07.04"]
[Round "5"]
[White "Taechess"]
[Black "Ajitesh20091"]
[Result "1-0"]
[ICCResult "Black checkmated"]
[WhiteElo "1932"]
[BlackElo "1439"]
[Opening "Giuoco Piano"]
[ECO "C54"]
[NIC "IG.02"]
[Time "21:03:49"]
[TimeControl "2700+10"]

1. e4 e5 2. Nf3 Nc6 3. Bc4 Bc5 4. c3 Nf6 5. d4 exd4 6. cxd4 Bb4+ 7. Bd2
Bxd2+ 8. Nbxd2 d5 9. exd5 Nxd5 10. O-O O-O 11. Rc1 Bg4 12. h3 Bh5 13. Re1
Nb6 14. Be2 Re8 15. Nb3 Qd6 16. g4 Bg6 17. Bb5 Rxe1+ 18. Qxe1 Nb4 19. a3 Nc2
20. Qc3 a6 21. Bd3 Bxd3 22. Qxd3 Nxa3 23. bxa3 Qxa3 24. Rxc7 Rc8 25. Rxc8+
Nxc8 26. Ng5 h6 27. Qh7+ Kf8 28. Qh8+ Ke7 29. Qxc8 Qxb3 30. Qc7+ Ke8 31.
Qe5+ Kd8 32. Ne4 Qxh3 33. Qb8+ Ke7 34. Qc7+ Ke6 35. Qd6# {Black checkmated}
1-0

[Event "ICC tourney 1900 (45 10)"]
[Site "Internet Chess Club"]
[Date "2020.07.04"]
[Round "5"]
[White "cdj12417489"]
[Black "peekaboopenguin"]
[Result "0-1"]
[ICCResult "White checkmated"]
[WhiteElo "1120"]
[BlackElo "1247"]
[Opening "Sicilian: Kan, 5.Nc3"]
[ECO "B43"]
[NIC "SI.41"]
[Time "21:03:23"]
[TimeControl "2700+10"]

1. e4 c5 2. Nf3 e6 3. d4 cxd4 4. Nxd4 a6 5. Nc3 Qc7 6. Be3 Nf6 7. Bd3 Bb4 8.
O-O Bxc3 9. bxc3 Qxc3 10. f4 O-O 11. e5 Nd5 12. Qh5 h6 13. Rae1 Nxe3 14.
Rxe3 Qxd4 15. Rf3 Nc6 16. Rg3 Qxf4 17. Re4 Qc1+ 18. Kf2 Kh8 19. Qe2 b5 20.
Reg4 Rg8 21. Qe4 Qd2+ 22. Kf3 g6 23. h4 Bb7 24. h5 Nxe5# {White checkmated}
0-1

[Event "ICC tourney 1900 (45 10)"]
[Site "Internet Chess Club"]
[Date "2020.07.04"]
[Round "5"]
[White "shreyaschalla"]
[Black "sirking2800"]
[Result "0-1"]
[ICCResult "White resigns"]
[WhiteElo "1461"]
[BlackElo "1462"]
[Opening "Ruy Lopez: closed, Chigorin, 12...c5d4"]
[ECO "C99"]
[NIC "RL.24"]
[Time "21:03:57"]
[TimeControl "2700+10"]

1. e4 e5 2. Nf3 Nc6 3. Bb5 a6 4. Ba4 Nf6 5. O-O Be7 6. Re1 b5 7. Bb3 O-O 8.
h3 d6 9. c3 Na5 10. Bc2 c5 11. d4 Qc7 12. Nbd2 cxd4 13. cxd4 Nc6 14. Nb3 a5
15. Be3 Nb4 16. Bb1 Bd7 17. a3 Na6 18. Bd3 a4 19. Rc1 Qb7 20. Nbd2 exd4 21.
Bxd4 Rac8 22. Nf1 b4 23. Qe2 Nb8 24. e5 dxe5 25. Bxe5 Rxc1 26. Rxc1 Bc6 27.
N1d2 bxa3 28. bxa3 Bxa3 29. Rb1 Qe7 30. Rxb8 Rxb8 31. Bxb8 Qb7 32. Be5 Bb4
33. Bxf6 gxf6 34. Be4 a3 35. Bxc6 Qxc6 36. Nb3 Qc3 37. Nfd4 Qb2 38. Qg4+ Kh8
39. Qc8+ Kg7 40. Nf5+ Kg6 41. g4 Qb1+ 42. Qc1 a2 43. Qf1 Qxb3 44. Kh2 Qb2
45. Qg2 Qe5+ {White resigns} 0-1

[Event "ICC tourney 1900 (45 10)"]
[Site "Internet Chess Club"]
[Date "2020.07.04"]
[Round "5"]
[White "Joshua1"]
[Black "cloak1"]
[Result "0-1"]
[ICCResult "White resigns"]
[WhiteElo "1544"]
[BlackElo "1601"]
[Opening "QGD semi-Slav: Stoltz variation"]
[ECO "D45"]
[NIC "SL.08"]
[Time "21:03:04"]
[TimeControl "2700+10"]

1. d4 d5 2. c4 e6 3. Nc3 c6 4. e3 Nf6 5. Nf3 Nbd7 6. Qc2 Bd6 7. Bd3 O-O 8.
O-O dxc4 9. Bxc4 b5 10. Be2 Bb7 11. Rd1 Qc7 12. e4 e5 13. dxe5 Nxe5 14. Nxe5
Bxe5 15. g3 a6 16. Be3 Rfe8 17. Bf3 Rac8 18. Bc5 Nd7 19. Bd4 b4 20. Na4 c5
21. Bxe5 Nxe5 22. Bg2 c4 23. Rac1 Qa5 24. Ra1 Bc6 25. b3 h6 26. Rd6 cxb3 27.
axb3 Bxa4 28. Rxa4 Qxa4 29. Qxc8 Qa1+ {White resigns} 0-1

[Event "ICC tourney 1900 (45 10)"]
[Site "Internet Chess Club"]
[Date "2020.07.04"]
[Round "5"]
[White "destroyingeagle"]
[Black "poohfur"]
[Result "1-0"]
[ICCResult "Black resigns"]
[WhiteElo "1250"]
[BlackElo "1422"]
[Opening "R?ti: King's Indian attack"]
[ECO "A08"]
[NIC "QP.09"]
[Time "21:03:30"]
[TimeControl "2700+10"]

1. Nf3 d5 2. g3 c5 3. Bg2 e6 4. O-O Nc6 5. d3 Nf6 6. Nbd2 Bd6 7. e4 d4 8. a4
e5 9. Nc4 O-O 10. Nh4 Ne7 11. f4 Bg4 12. Bf3 Bxf3 13. Qxf3 Qc7 14. f5 Nc6
15. b3 Nb4 16. Na3 a6 17. Bd2 Qc6 18. a5 b6 19. axb6 Qxb6 20. Bxb4 Qxb4 21.
Nc4 Bc7 22. g4 Nd7 23. Ra4 Qc3 24. Qg2 Nb6 25. Nxb6 Bxb6 26. Rfa1 a5 27. Qe2
Bd8 28. Nf3 h6 29. R1a2 {Black resigns} 1-0

[Event "ICC tourney 1900 (45 10)"]
[Site "Internet Chess Club"]
[Date "2020.07.04"]
[Round "5"]
[White "Froild"]
[Black "steinutz"]
[Result "0-1"]
[ICCResult "White checkmated"]
[WhiteElo "1326"]
[BlackElo "1373"]
[Opening "Giuoco Pianissimo: Italian four knights variation"]
[ECO "C50"]
[NIC "IG.02"]
[Time "21:03:06"]
[TimeControl "2700+10"]

1. e4 e5 2. Nf3 Nc6 3. Bc4 Bc5 4. Nc3 Nf6 5. d3 h6 6. Bd2 O-O 7. h3 d6 8.
Nd5 Nxd5 9. Bxd5 Ne7 10. Bb3 Kh7 11. O-O f5 12. c3 fxe4 13. dxe4 Ng6 14. Nh2
Nf4 15. Kh1 Rf6 16. Bxf4 Rxf4 17. Nf3 Qf6 18. Qe2 Bxh3 19. gxh3 Rxf3 20. Kg2
Rf8 21. Bd1 Qg5+ 22. Kh2 Rxf2+ 23. Rxf2 Rxf2+ 24. Qxf2 Bxf2 25. Bg4 Qf4+ 26.
Kg2 Qg3+ 27. Kf1 Be3 28. Ke2 Qf2+ 29. Kd3 b5 30. Rd1 g6 31. Be2 Bf4 32. Bg4
h5 33. Bd7 Qe3+ 34. Kc2 Qxe4+ 35. Kb3 Qc4+ 36. Kc2 Qe2+ 37. Kb3 Qxd1+ 38.
Kb4 Qa4# {White checkmated} 0-1

[Event "ICC tourney 1900 (45 10)"]
[Site "Internet Chess Club"]
[Date "2020.07.04"]
[Round "5"]
[White "pawnpush202044"]
[Black "AHSRULES"]
[Result "0-1"]
[ICCResult "White resigns"]
[WhiteElo "1467"]
[BlackElo "1641"]
[Opening "English opening"]
[ECO "A20"]
[NIC "EO.24"]
[Time "21:03:25"]
[TimeControl "2700+10"]

1. c4 e5 2. g3 Nf6 3. Bg2 c6 4. d4 exd4 5. Qxd4 d5 6. Nf3 c5 7. Qe5+ Be7 8.
cxd5 Qxd5 9. Qxd5 Nxd5 10. O-O Nc6 11. Rd1 Be6 12. Ng5 O-O-O 13. Nxe6 fxe6
14. Bh3 Nd4 15. Kf1 Bf6 16. Nd2 Ne3+ 17. fxe3 Nc2 18. Bxe6+ Kb8 19. Re1 Nxa1
20. Bf5 g6 21. Bd3 Rhf8 22. Nf3 c4 23. Bxc4 Nc2 24. e4 g5 25. Bb3 Nxe1 26.
Kxe1 h6 27. e5 Be7 28. Be3 Bb4+ 29. Kf2 g4 30. Bxh6 Rh8 31. Bg5 Bc5+ 32. e3
Rdf8 33. Bf6 Rh5 34. Be6 gxf3 35. h4 Rxf6 36. exf6 Re5 37. Bg4 Rxe3 38. Bxf3
Re6+ 39. Kg2 Rxf6 40. g4 Kc7 41. g5 Ra6 42. a3 Bd4 43. Be2 Ra5 44. b3 Rxa3
45. Bc4 Ra1 {White resigns} 0-1

[Event "ICC tourney 1900 (45 10)"]
[Site "Internet Chess Club"]
[Date "2020.07.04"]
[Round "5"]
[White "adchess"]
[Black "liguowh"]
[Result "0-1"]
[ICCResult "White resigns"]
[WhiteElo "2073"]
[BlackElo "1803"]
[Opening "Queen's pawn game"]
[ECO "D04"]
[NIC "QP.06"]
[Time "21:03:26"]
[TimeControl "2700+10"]

1. d4 Nf6 2. Nf3 d5 3. e3 Bf5 4. c4 e6 5. Nc3 c6 6. Be2 Bd6 7. O-O O-O 8. c5
Be7 9. Ne5 Nbd7 10. g4 Bg6 11. Nxg6 hxg6 12. f4 b6 13. g5 Ne8 14. cxb6 axb6
15. Rf3 Nd6 16. Rh3 f6 17. Bd3 Nf5 18. e4 dxe4 19. Bxe4 fxg5 20. Bxc6 gxf4
21. Bxa8 Qxa8 22. Bxf4 e5 23. Qb3+ Rf7 24. Bd2 Nf6 25. d5 Bc5+ 26. Kh1 Qc8
27. Qc4 Nd6 28. Qh4 Nh5 29. Rc1 Qf8 30. Qe1 Rf2 31. b4 Bxb4 32. Kg1 Rf3 33.
Rxf3 Qxf3 34. h3 Ng3 35. Kh2 Ndf5 36. Be3 Bxc3 37. Qf2 Qxd5 38. Bxb6 Bd2 39.
Rd1 Ne4 40. Qf3 Bf4+ 41. Kg1 Qxa2 42. Bf2 Nxf2 43. Qd5+ Qxd5 44. Rxd5 Nxh3+
45. Kh1 g5 46. Rb5 g4 {White resigns} 0-1

[Event "ICC tourney 1900 (45 10)"]
[Site "Internet Chess Club"]
[Date "2020.07.04"]
[Round "5"]
[White "ASilverRook"]
[Black "runtilmorrow1"]
[Result "0-1"]
[ICCResult "White checkmated"]
[WhiteElo "1370"]
[BlackElo "1516"]
[Opening "Benk? gambit accepted"]
[ECO "A58"]
[NIC "BI.45"]
[Time "21:03:02"]
[TimeControl "2700+10"]

1. c4 Nf6 2. d4 c5 3. d5 b5 4. cxb5 a6 5. bxa6 Bxa6 6. Nc3 d6 7. g3 g6 8.
Bg2 Bg7 9. e4 O-O 10. Nge2 Nbd7 11. f4 Nb6 12. O-O Qd7 13. Rb1 Rfb8 14. Bd2
Nc4 15. b3 Nxd2 16. Qxd2 c4 17. b4 Ng4 18. h3 Qa7+ 19. Kh1 Ne3 20. Rf3 Nxg2
21. Kxg2 Bb5 22. f5 gxf5 23. Rxf5 Bd7 24. Rh5 e6 25. dxe6 Bxe6 26. Qxd6 Qe3
27. Qf4 Qd3 28. Qf3 Qd6 29. Nb5 Qd7 30. Nbc3 Qd3 31. e5 Ra3 32. Rd1 Qc2 33.
Kf1 Qxd1+ 34. Nxd1 Rxf3+ 35. Kg2 Ra3 36. Ndc3 Rxb4 37. Kf2 Rb2 38. Rh4 Rxc3
39. Rd4 Bxe5 40. Rd8+ Kg7 41. Kf1 Bxh3+ 42. Ke1 Re3 43. a4 Rexe2+ 44. Kd1
Bg4 45. a5 Rh2+ 46. Kc1 Rhc2# {White checkmated} 0-1

[Event "ICC tourney 1900 (45 10)"]
[Site "Internet Chess Club"]
[Date "2020.07.04"]
[Round "5"]
[White "JunlinTheWorld"]
[Black "brilliantnessme"]
[Result "1/2-1/2"]
[ICCResult "Game drawn by repetition"]
[WhiteElo "1668"]
[BlackElo "1621"]
[Opening "Sicilian: Najdorf, 6...e6"]
[ECO "B95"]
[NIC "SI.04"]
[Time "21:03:32"]
[TimeControl "2700+10"]

1. e4 c5 2. Nf3 d6 3. d4 cxd4 4. Nxd4 Nf6 5. Nc3 a6 6. Bg5 e6 7. Bc4 Be7 8.
O-O O-O 9. a4 Nc6 10. Be3 Qc7 11. Ba2 Ne5 12. h3 Bd7 13. f4 Nc4 14. Bxc4
Qxc4 15. g4 d5 16. e5 Ne4 17. Nxe4 dxe4 18. c3 b5 19. axb5 Bxb5 20. Re1 Rfd8
21. Qc2 Qd3 22. Qf2 Qc4 23. f5 Qd5 24. f6 Bf8 25. fxg7 Bxg7 26. Bg5 Bd3 27.
Bf6 Bxf6 28. Qxf6 Rab8 29. b4 Rdc8 30. Qg5+ Kh8 31. Ra5 Qc4 32. Qf6+ Kg8 33.
Ra3 Rxb4 34. Nxe6 fxe6 35. cxb4 Rf8 36. Qg5+ Kh8 37. Kh1 Qxb4 38. Raa1 Qb7
39. Re3 Qb2 40. Rg1 Rf2 41. Qd8+ Kg7 42. Qe7+ Kh8 43. Qd8+ Kg7 44. Qe7+ Kh8
45. Qd8+ {Game drawn by repetition} 1/2-1/2

[Event "ICC tourney 1900 (45 10)"]
[Site "Internet Chess Club"]
[Date "2020.07.04"]
[Round "5"]
[White "chessfirelord"]
[Black "playerlucky"]
[Result "1-0"]
[ICCResult "Black resigns"]
[WhiteElo "1321"]
[BlackElo "1393"]
[Opening "King's Indian: S?misch, orthodox, 7.d5"]
[ECO "E87"]
[NIC "KI.41"]
[Time "21:03:30"]
[TimeControl "2700+10"]

1. d4 Nf6 2. c4 g6 3. Nc3 Bg7 4. e4 d6 5. f3 O-O 6. Be3 e5 7. d5 Ne8 8. Qd2
f5 9. O-O-O a6 10. g3 Nf6 11. Bh6 fxe4 12. Nxe4 Nxe4 13. fxe4 Nd7 14. h4 Nc5
15. Bg2 b5 16. h5 Qe7 17. hxg6 hxg6 18. Bxg7 Qxg7 19. b4 Na4 20. Nf3 Bg4 21.
Rdf1 bxc4 22. Ng5 Rxf1+ 23. Rxf1 Rf8 24. Rh1 Rb8 25. Rh7 Qf6 26. Rf7 Qh8 27.
Qf2 Qh6 28. Qe3 Rxb4 29. Rh7 Qf8 30. Qa7 Qd8 31. Rh8+ Kxh8 32. Nf7+
{Black resigns}
1-0

[Event "ICC tourney 1900 (45 10)"]
[Site "Internet Chess Club"]
[Date "2020.07.04"]
[Round "5"]
[White "Priccchess"]
[Black "Aniketshukla"]
[Result "0-1"]
[ICCResult "White checkmated"]
[WhiteElo "1579"]
[BlackElo "1543"]
[Opening "French defense"]
[ECO "C00"]
[NIC "FR.01"]
[Time "21:03:22"]
[TimeControl "2700+10"]

1. e4 e6 2. Nf3 d5 3. exd5 exd5 4. d4 Bd6 5. Bd3 Bg4 6. h3 Bh5 7. O-O Ne7 8.
c3 Nbc6 9. Be3 Qd7 10. b4 O-O-O 11. Nbd2 f6 12. Qc2 g5 13. Qa4 g4 14. Nh2
Rdg8 15. b5 Nb8 16. Kh1 gxh3 17. g3 f5 18. Rg1 f4 19. gxf4 Nf5 20. Qb3 Qf7
21. c4 Nh4 22. cxd5 Bxf4 23. Bxf4 Qxf4 24. Be4 Qxd2 25. Qxh3+ Nd7 26. Qxh4
Qxd4 27. f3 Bg6 28. Rad1 Qa4 29. Rc1 Bxe4 30. fxe4 Rxg1+ 31. Rxg1 Qxb5 32.
Qe7 Qc5 33. Qg5 Re8 34. Rc1 Qd4 35. Re1 Qb4 36. Nf3 Rf8 37. Kg2 Qb2+ 38. Kg3
h6 39. Qg4 h5 40. Qxh5 Rg8+ 41. Kf4 Rf8+ 42. Ke3 Qc3+ 43. Ke2 Nc5 44. Qg4+
Kb8 45. Rd1 Qc2+ 46. Nd2 Qd3+ 47. Ke1 Qe3+ 48. Qe2 Nd3# {White checkmated}
0-1